 Dungeon Crawl Stone Soup version 0.31-a0-557-g6e16503903 (webtiles) character file.

Game seed: 9596231947950113373

24614 Ofeo the Markskobold (level 13, -4/80 HPs)
             Began as a Kobold Hunter on Aug 16, 2023.
             Was an Initiate of Gozag.
             Slain by a komodo dragon (9 damage)
             ... while petrified by a basilisk
             ... on level 1 of the Lair of Beasts.
             The game lasted 00:25:56 (18649 turns).

Ofeo the Markskobold (Kobold Hunter)               Turns: 18649, Time: 00:25:57

Health: -4/80      AC: 13    Str:  8    XL:     13   Next: 44%
Magic:  13/13      EV:  3    Int: 10    God:    Gozag
Gold:   2768       SH:  0    Dex: 30    Spells: 8/12 levels left

rFire   + . .        a - +1 arbalest (elec)
rCold   . . .        (shield currently unavailable)
rNeg    + + +        t - +3 steam dragon scales
rPois   ∞            (no helmet)
rElec   .            i - +2 cloak {rPois}
rCorr   .            y - +0 pair of gloves
SInv    .            (no boots)
Will    .....        (no amulet)
Stlth   +++++++      E - ring of protection from fire
HPRegen 0.33/turn    A - +6 ring of dexterity
MPRegen 0.13/turn

%: no passive effects
@: petrified
A: small, no large weapons, nightstalker 3
a: Renounce Religion, Potion Petition, Call Merchant, Bribe Branch


You were on level 1 of the Lair of Beasts.
You worshipped Gozag.
Gozag was most pleased with you.
You visited 3 branches of the dungeon, and saw 14 of its levels.
You also visited: Sewer.

You collected 2947 gold pieces.
You spent 67 gold pieces at shops.
You paid 112 gold pieces to Gozag.

Inventory:

Hand Weapons
 a - a +1 arbalest of electrocution (weapon)
 b - the +8 scimitar "Atry" {protect, rC+}
   (You found it on level 3 of the Dungeon)

   rC+:       It protects you from cold.
Missiles
 d - 6 atropa-tipped darts
 D - 2 curare-tipped darts
 H - a throwing net
Armour
 i - a +2 cloak of poison resistance (worn)
 t - +3 steam dragon scales (worn)
 y - a +0 pair of gloves (worn)
Jewellery
 p - a ring of fire
 w - a +6 ring of intelligence
 A - a +6 ring of dexterity (right hand)
 E - a ring of protection from fire (left hand)
 M - a ring of protection from fire
 N - a ring of poison resistance
 O - an amulet of reflection
Wands
 o - a wand of iceblast (26) {@v4}
 x - a wand of mindburst (13)
 J - a wand of paralysis (9)
 L - a wand of quicksilver (8)
Scrolls
 e - a scroll of poison
 f - 4 scrolls of teleportation {@r3}
 j - a scroll of butterflies
 k - a scroll of brand weapon
 m - a scroll of revelation
 n - 4 scrolls of blinking {@r4}
 s - 2 scrolls of amnesia
 u - 3 scrolls of fear
 B - 2 scrolls of silence
 C - 3 scrolls of fog
 G - 4 scrolls of vulnerability
 P - a scroll of enchant weapon
Potions
 c - a potion of brilliance {unknown}
 g - a potion of ambrosia
 h - a potion of heal wounds {@q2}
 l - a potion of mutation
 r - a potion of attraction
 v - a potion of cancellation
 z - 2 potions of haste {unknown}
 F - 2 potions of degeneration {unknown}
 K - a potion of magic {unknown}
Miscellaneous
 I - a condenser vane
 Q - a sack of spiders


   Skills:
 + Level 9.1 Fighting
 - Level 18.0 Ranged Weapons
 + Level 5.1 Armour
 + Level 9.8 Dodging
 + Level 11.4 Stealth
 - Level 10.0 Evocations


You had 8 spell levels left.
You knew the following spells:

 Your Spells              Type           Power      Damage    Failure   Level
a - Tukima's Dance        Hex            0%         N/A       75%         3
b - Slow                  Hex            0%         N/A       36%         1

Your spell library contained the following spells:

 Spells                   Type           Power      Damage    Failure   Level
 Scorch                   Fire           0%         2d5       50%         2
 Confusing Touch          Hex            0%         N/A       75%         3
 Inner Flame              Hex/Fire       0%         N/A       75%         3
 Ozocubu's Armour         Ice            0%         N/A       75%         3
 Vampiric Draining        Necr           0%         2d6       75%         3
 Animate Armour           Summ/Erth      0%         N/A       98%         4
 Flame Wave               Conj/Fire      0%         2d4       98%         4
 Passage of Golubria      Tloc           0%         N/A       98%         4
 Sticky Flame             Conj/Fire      0%         2d3       98%         4
 Summon Lightning Spire   Summ/Air       0%         N/A       98%         4
 Lee's Rapid Deconstruct  Erth           0%         3d4*      100%        5
 Silence                  Hex/Air        0%         N/A       100%        5
 Yara's Violent Unravell  Hex/Tmut       0%         3d3       100%        5
 Summon Cactus Giant      Summ           0%         N/A       100%        6
 Ozocubu's Refrigeration  Ice            0%         4d7       100%        7
 Lehudib's Crystal Spear  Conj/Erth      0%         10d2      100%        8


Dungeon Overview and Level Annotations

Branches:
Dungeon (12/15)            Temple (0/1) D:7            Lair (1/5) D:11
    Orc (1/2) D:9           Sewer (visited)

Altars:
Cheibriados
Fedhas
Gozag
Trog
Yredelemnul
The Shining One

Shops:
D:7 :   D:8 [

Annotations:
D:11 exclusion: orange crystal statue


Innate Abilities, Weirdness & Mutations

You are small and have problems with some larger weapons.
You are completely attuned to the shadows.


Message History

The komodo dragon bites you.
The blink frog blinks!
The basilisk gazes at you.
You easily resist.
The blink frog barely misses you.
You have turned to stone.
The wolf is no longer distracted by gold.
The blink frog blinks!
The blink frog hits you.
The blink frog blinks!
The komodo dragon bites you.
The basilisk bites you but does no damage.
The blink frog blinks!
The komodo dragon bites you. The basilisk bites you. The blink frog hits you!
The wolf bites you but does no damage. The blink frog barely misses you.
The komodo dragon bites you but does no damage.
The blink frog barely misses you. The basilisk bites you. The wolf bites you.
The blink frog blinks!
The wolf bites you. The blink frog hits you.
The blink frog blinks!
The komodo dragon bites you!
* * * LOW HITPOINT WARNING * * *
The basilisk bites you but does no damage.
The wolf bites you but does no damage. The wolf bites you!
* * * LOW HITPOINT WARNING * * *
The komodo dragon bites you but does no damage.
The basilisk gazes at you.
You easily resist.
The wolf bites you.
The blink frog blinks!
The blink frog completely misses you. The komodo dragon bites you.
* * * LOW HITPOINT WARNING * * *
The wolf bites you but does no damage. The basilisk gazes at you.
You easily resist.
The wolf bites you.
* * * LOW HITPOINT WARNING * * *
The blink frog hits you.
* * * LOW HITPOINT WARNING * * *
The komodo dragon bites you!
* * * LOW HITPOINT WARNING * * *
The blink frog blinks!
The basilisk bites you!
* * * LOW HITPOINT WARNING * * *
The wolf bites you.
The blink frog hits you but does no damage.
The wolf bites you but does no damage. The komodo dragon bites you!!
You die...
Your body crumbles into a pile of gold.

# #...
.#.##....
.§.#..$..
#..$l...
#l@hF..
#..F#.##
...... #
.#....#
##...#


You could see a komodo dragon, a basilisk, 2 blink frogs and a wolf.

Vanquished Creatures
  4 boulder beetles
  6 two-headed ogres
  A death knight (D:11)
  An orc knight (D:10)
  2 deep elf pyromancers
  3 cyclopes
  A wolf spider (D:11)
  A manticore (D:12)
  Maurice (D:8)
  2 gargoyles
  An unseen horror (D:11)
  2 kobold demonologists
  A freezing wraith (D:10)
  Maggie (D:6)
  4 trolls
  3 shadows
  A vampire (D:12)
  A wraith (D:11)
  3 wyverns
  31 yaks
  2 basilisks
  Menkaure (D:6)
  A warg (D:9)
  An acid dragon (D:12)
  Duvessa (D:5)
  2 black bears
  10 orc warriors
  2 sky beasts
  3 ogres
  8 centaurs
  4 phantoms
  4 wolves (Lair:1)
  3 kobold brigands
  6 bullfrogs
  4 scorpions
  3 gnoll sergeants
  A wight (D:10)
  Dowan (D:5)
  6 killer bees
  2 howler monkeys (D:10)
  An electric eel (D:11)
  2 bullfrog zombies (D:4)
  7 orc priests
  2 hounds
  3 jellies
  6 iguanas
  3 sleepcaps (D:6)
  Natasha (thrice) (D:2)
  11 orc wizards
  A hound zombie (D:4)
  11 adders
  10 gnolls
  2 white imps
  An ufetubus (D:7)
  2 adder zombies (D:4)
  3 worms
  A dart slug (D:1)
  42 orcs
  9 endoplasms
  12 giant cockroaches
  4 goblins
  5 hobgoblins
  2 jackals (D:1)
  18 quokkas
  9 ball pythons
  3 bats
  11 frilled lizards
  15 kobolds
  4 rats (D:3)
338 creatures vanquished.

Notes
Turn   | Place    | Note
-------+----------+-------------------------------------------
     0 | D:1      | Ofeo the Kobold Hunter began the quest for the Orb.
     0 | D:1      | Reached XP level 1. HP: 12/12 MP: 1/1
   156 | D:1      | Reached XP level 2. HP: 18/18 MP: 2/2
  1395 | D:2      | Reached XP level 3. HP: 19/22 MP: 3/3
  1511 | D:2      | Noticed Natasha
  1527 | D:2      | Killed Natasha
  1528 | D:2      | Reached XP level 4. HP: 26/27 MP: 4/4
  1849 | D:2      | Noticed Natasha
  1857 | D:2      | Killed Natasha
  2352 | D:2      | Reached skill level 6 in Ranged Weapons
  2360 | D:2      | Noticed Natasha
  2368 | D:2      | Killed Natasha
  2369 | D:2      | Reached XP level 5. HP: 27/32 MP: 5/5
  2761 | D:3      | Found a glowing drain.
  2784 | Sewer    | Entered a sewer
  3148 | Sewer    | Noticed a bullfrog
  3152 | Sewer    | Killed a bullfrog
  3153 | Sewer    | Reached XP level 6. HP: 19/38 MP: 6/6
  3785 | D:3      | Identified the +8 scimitar "Atry" {protect, rC+}
  4051 | D:3      | Found a faded altar of an unknown god.
  4445 | D:4      | You fall into a shaft and drop 3 floors!
  4470 | D:6      | Reached XP level 7. HP: 43/43 MP: 7/7
  4685 | D:5      | Entered Level 5 of the Dungeon
  4882 | D:5      | Reached skill level 5 in Stealth
  5055 | D:5      | Noticed Duvessa
  5056 | D:5      | Noticed Dowan
  5063 | D:5      | Killed Duvessa
  5064 | D:5      | Reached skill level 7 in Ranged Weapons
  5067 | D:5      | Killed Dowan
  5068 | D:5      | Reached skill level 5 in Dodging
  5220 | D:4      | Found an opulent altar of Gozag.
  5547 | D:4      | Reached skill level 5 in Fighting
  5547 | D:4      | Reached XP level 8. HP: 29/49 MP: 8/8
  6039 | D:4      | Found a basalt altar of Yredelemnul.
  6259 | D:4      | Reached skill level 8 in Ranged Weapons
  6346 | D:4      | Became a worshipper of Gozag Ym Sagoz the Greedy
  6842 | D:5      | Reached skill level 9 in Ranged Weapons
  6846 | D:5      | Reached XP level 9. HP: 38/54 MP: 9/9
  7262 | D:5      | Reached skill level 10 in Ranged Weapons
  7699 | D:6      | Reached skill level 11 in Ranged Weapons
  8038 | D:6      | Noticed Maggie
  8056 | D:6      | Killed Maggie
  8057 | D:6      | Reached skill level 12 in Ranged Weapons
  8648 | D:6      | Noticed Menkaure
  8650 | D:6      | Killed Menkaure
  8651 | D:6      | Reached skill level 13 in Ranged Weapons
  9351 | D:7      | Noticed a deep elf pyromancer
  9358 | D:7      | Killed a deep elf pyromancer
  9359 | D:7      | Reached skill level 14 in Ranged Weapons
  9359 | D:7      | Reached XP level 10. HP: 54/60 MP: 10/10
  9659 | D:7      | Reached skill level 15 in Ranged Weapons
  9744 | D:7      | Found Dessaont's Book Emporium.
  9761 | D:7      | Learned a level 3 spell: Tukima's Dance
  9975 | D:7      | Found a staircase to the Ecumenical Temple.
 10246 | D:8      | Found a blossoming altar of Fedhas.
 10283 | D:8      | Found Haatt's Armour Shop.
 10305 | D:8      | Bought a +0 pair of gloves for 67 gold pieces
 10394 | D:8      | Noticed Maurice
 10403 | D:8      | Reached skill level 16 in Ranged Weapons
 10440 | D:8      | Killed Maurice
 11103 | D:9      | Reached skill level 17 in Ranged Weapons
 11103 | D:9      | Reached skill level 1 in Evocations
 11169 | D:9      | Found a staircase to the Orcish Mines.
 11198 | D:9      | Reached XP level 11. HP: 30/64 MP: 11/11
 12196 | D:9      | Found a bloodstained altar of Trog.
 12212 | D:9      | Learned a level 1 spell: Slow
 12425 | D:9      | Found a glowing golden altar of the Shining One.
 12673 | D:9      | Reached skill level 5 in Evocations
 12777 | D:9      | Identified the +5 chain mail "Naduosyff" {rPois Int-5
                  | Dex+3}
 13128 | D:10     | Entered Level 10 of the Dungeon
 13142 | D:10     | Reached skill level 18 in Ranged Weapons
 13145 | D:10     | Found a snail-covered altar of Cheibriados.
 13295 | D:10     | Noticed a two-headed ogre
 13298 | D:10     | Killed a two-headed ogre
 13450 | D:10     | Noticed a two-headed ogre
 13460 | D:10     | Killed a two-headed ogre
 14045 | D:10     | Noticed a two-headed ogre
 14050 | D:10     | Killed a two-headed ogre
 14051 | D:10     | Reached skill level 1 in Armour
 14233 | D:10     | Reached XP level 12. HP: 71/71 MP: 12/12
 14430 | D:10     | Noticed a two-headed ogre
 14432 | D:10     | Killed a two-headed ogre
 15079 | Orc:1    | Entered Level 1 of the Orcish Mines
 15567 | D:11     | Noticed a boulder beetle
 15572 | D:11     | Killed a boulder beetle
 15816 | D:11     | Noticed a boulder beetle
 15826 | D:11     | Killed a boulder beetle
 16015 | D:11     | Noticed a two-headed ogre
 16018 | D:11     | Killed a two-headed ogre
 16079 | D:11     | Reached skill level 10 in Stealth
 16358 | D:11     | Noticed a death knight
 16690 | D:11     | Reached XP level 13. HP: 78/78 MP: 13/13
 16969 | D:11     | Identified the +1 ring mail of the Kitsune {rN++ Str-4 SInv
                  | Stlth+}
 17416 | D:11     | Found a staircase to the Lair.
 17509 | D:12     | Reached skill level 10 in Evocations
 18385 | D:12     | Reached skill level 5 in Armour
 18628 | Lair:1   | Entered Level 1 of the Lair of Beasts
 18648 | Lair:1   | HP: 4/80 [basilisk (5)]
 18649 | Lair:1   | Slain by a komodo dragon

Illustrated notes

Levels and vault maps discovered:
D:1:      lemuel_arrival_muddy, layout_rooms,
          wander_ebering_terrifying_dragon_lair
D:2:      layout_basic, uniq_natasha
D:3:      layout_basic, portal_sewer_entry_f, chequers_ecumenical_altar_grove,
          st_stairs_3, minmay_fountain_box
D:4:      layout_loops_ring, grunt_gozag_statues,
          nicolae_yredelemnul_corpse_copse, serial_glass, glass_columns_a,
          glass_columns_a, glass_columns_a, glass_columns_a, glass_columns_b,
          glass_columns_c, glass_columns_a, glass_columns_a, glass_columns_b,
          glass_columns_a
D:5:      layout_gridville, uniq_duvessa
D:6:      layout_basic, minivault_23, uniq_maggie, uniq_menkaure
D:7:      layout_rooms, minmay_temple_entry_enclosed_plants, serial_shops,
          nicolae_shop_pleasant_corner_grove, minmay_microvault
D:8:      layout_basic, mainiacjoe_overflow_alcove_1, serial_shops,
          nicolae_shop_trees, uniq_maurice
D:9:      layout_irregular_city, nicolae_tso_swordbearing_angel,
          amcnicky_altar_gilded, erik_orc_3, nicolae_wwwww
D:10:     kennysheep_windowed_halls, layout_gridville,
          mainiacjoe_overflow_surrounded_room
D:11:     minmay_ornate_pinched, layout_basic, lair_entry_dummy,
          grunt_ministairs_15, minivault_14, minmay_protected_statue
D:12:     layout_rooms, serial_curves, eino_curves_04, eino_curves_03
Lair:1:   layout_cave_pods, chequers_serial_rivers_room_a, grunt_megastairs_5
Orc:1:    layout_diamond_mine, serial_shops, shop, mines5_lemuel

Skill      XL: |  1  2  3  4  5  6  7  8  9 10 11 12 13 |
---------------+----------------------------------------+-----
Stealth        | 2 3 4 6 7 8 10 11 | 11.4
Dodging        | 3 4 5 6 7 8 9 |  9.8
Fighting       | 3 4 5 6 8 9 |  9.1
Ranged Weapons | 6 7 9 14 17 18 | 18.0
Evocations     | 2 8 9 10 | 10.0
Armour         | 1 4 5 |  5.1

Action                     |  1- 3 |  4- 6 |  7- 9 | 10-12 | 13-15 || total
---------------------------+-------+-------+-------+-------+-------++-------
  Melee: Unarmed           |     1 |       |       |       |       ||     1
   Fire: Shortbow          |    64 |    22 |       |       |       ||    86
         Arbalest          |       |   164 |   181 |   373 |   114 ||   832
  Evoke: Wand              |       |       |     1 |    10 |     2 ||    13
         Condenser vane    |       |       |       |     1 |       ||     1
    Use: Scroll            |     2 |     6 |     4 |    10 |     2 ||    24
         Potion            |     1 |       |     1 |       |     2 ||     4
 Armour: Leather armour    |     8 |    27 |     2 |       |       ||    37
         Skin              |    12 |       |       |       |       ||    12
         Robe              |       |       |    13 |       |       ||    13
         Steam dragon scal |       |       |     3 |    37 |    22 ||    62
  Dodge: Dodged            |    35 |   151 |   122 |   167 |    57 ||   532

Table legend: (Time is in decaauts)
 A = Elapsed time spent in this place.
 B = Non-inter-level travel time spent in this place.
 C = Inter-level travel time spent in this place.
 D = Time resting spent in this place.
 E = Time spent auto-exploring this place.
 F = Levels seen in this place.
 G = Mean time per level.
                   A        B        C        D        E       F      G
               +--------+--------+--------+--------+--------+-----+--------+
         Total |  18942 |  18101 |    841 |   1846 |  13401 |  15 | 1262.8 |
       Dungeon |  18315 |  17475 |    840 |   1846 |  13069 |  12 | 1526.2 |
          Lair |     21 |     21 |      0 |      0 |      0 |   1 |   21.0 |
  Orcish Mines |      3 |      3 |      0 |      0 |      0 |   1 |    3.0 |
         Sewer |    601 |    601 |      0 |      0 |    332 |   1 |  601.0 |
               +--------+--------+--------+--------+--------+-----+--------+

Top non-repeatable levels by time:
    D:10: 2574 daAuts
     D:5: 2149 daAuts
     D:9: 2025 daAuts
     D:2: 1727 daAuts
    D:11: 1676 daAuts
     D:6: 1484 daAuts
     D:4: 1389 daAuts
     D:3: 1375 daAuts
     D:8: 1128 daAuts
    D:12: 1119 daAuts
     D:7: 838 daAuts
     D:1: 825 daAuts
   Sewer: 601 daAuts
  Lair:1: 21 daAuts
   Orc:1: 3 daAuts
